 Dungeon Crawl Stone Soup version 0.21.1-1-g345015f (webtiles) character file.

45580 Kagorn the Carver (level 14, -2/126 HPs)
             Began as a Gargoyle Berserker on June 9, 2018.
             Was a High Priest of Trog.
             Slain by an ettin
             ... wielding a +0 dire flail
              (13 damage)
             ... on level 1 of the Depths.
             The game lasted 02:10:38 (13752 turns).

Kagorn the Carver (Gargoyle Berserker)             Turns: 13752, Time: 02:10:38

Health: -2/126     AC: 25    Str: 29    XL:     14   Next: 33%
Magic:  0/20       EV: 16    Int:  9    God:    Trog [*****.]
Gold:   255        SH: 17    Dex: 13    Spells: 13/13 levels left

rFire    + . .     SeeInvis .   e - +9 double sword "Veishry" {venom, Str+3}
rCold    + . .     Gourm    .   J - +4 shield of the Grue {rN+}
rNeg     + + .     Faith    .   l - +3 ring mail {MR+}
rPois    ∞         Spirit   +   O - +0 helmet
rElec    +         Reflect  .   y - scarf {rC+ rF+}
rCorr    +         Harm     .   C - +1 pair of gloves
MR       +++++                  (no boots)
Stlth    ..........             E - amulet of guardian spirit
HPRegen  1.31/turn              d - ring of resist corrosion
MPRegen  0.17/turn              k - +3 ring of evasion

@: berserking (expiring), regenerating, very quick
A: big wings, molten scales 1, magic resistance 1, negative energy resistance 1,
electricity resistance, unbreathing, petrification resistance, rot immunity, AC
+10
a: Fly, Berserk, Trog's Hand, Brothers in Arms, Burn Spellbooks, Renounce
Religion


You were on level 1 of the Depths.
You worshipped Trog.
Trog was extremely pleased with you.
You were near starving.

You visited 2 branches of the dungeon, and saw 15 of its levels.

You collected 912 gold pieces.
You spent 657 gold pieces at shops.

Inventory:

Hand Weapons
 e - the +9 double sword "Veishry" (weapon) {venom, Str+3}
   (You acquired it on level 6 of the Dungeon)

   It poisons the flesh of those it strikes.
   It affects your strength (+3).
 x - a +2 war axe of chopping
 Q - a +2 antimagic glaive
 R - a +2 short sword of freezing
 T - a +0 whip of pain
Missiles
 j - 3 tomahawks of returning (quivered)
 o - 9 curare-tipped needles
 B - 34 poisoned needles
 H - 4 silver javelins
Armour
 l - a +3 ring mail of magic resistance (worn)
 y - a scarf of resistance (worn)
 C - a +1 pair of gloves (worn)
 J - the +4 shield of the Grue (worn) {rN+}
   (You bought it in a shop on level 12 of the Dungeon)

   It protects you from negative energy.
 O - a +0 helmet (worn)
Jewellery
 d - a ring of resist corrosion (left hand)
 k - a +3 ring of evasion (right hand)
 m - an uncursed ring of protection from cold
 n - a +4 ring of protection
 s - an uncursed ring of ice
 A - an uncursed ring of protection from magic
 D - an uncursed ring of protection from cold
 E - an amulet of guardian spirit (around neck)
 F - a +3 ring of strength
 N - an uncursed ring of ice
 W - an uncursed ring of protection from magic
Wands
 a - a wand of clouds (4)
 p - a wand of iceblast (45)
 K - a wand of flame (19)
 M - a wand of digging (10)
Scrolls
 f - 2 scrolls of blinking
 g - 4 scrolls of fear
 h - 9 scrolls of remove curse
 i - 7 scrolls of teleportation
 z - a scroll of identify
 L - a scroll of silence
 S - a scroll of immolation
 V - a scroll of enchant armour
 X - a scroll of magic mapping
Potions
 r - 5 potions of lignification
 t - a potion of flight
 w - a potion of resistance
 G - 5 potions of curing
 P - a potion of ambrosia {unknown}
 U - a potion of invisibility
Books
 b - a book of Frost

   Spells                             Type                      Level
   a - Freeze                         Ice                          1
   b - Throw Frost                    Conjuration/Ice              2
   c - Ozocubu's Armour               Charms/Ice                   3
   d - Throw Icicle                   Conjuration/Ice              4
   e - Summon Ice Beast               Ice/Summoning                4
   Trog disapproves of the use of such an item.
 v - a book of Frost

   Spells                             Type                      Level
   a - Freeze                         Ice                          1
   b - Throw Frost                    Conjuration/Ice              2
   c - Ozocubu's Armour               Charms/Ice                   3
   d - Throw Icicle                   Conjuration/Ice              4
   e - Summon Ice Beast               Ice/Summoning                4
   Trog disapproves of the use of such an item.
 I - a book of Beasts

   Spells                             Type                      Level
   a - Summon Butterflies             Summoning                    1
   b - Call Canine Familiar           Summoning                    3
   c - Summon Ice Beast               Ice/Summoning                4
   d - Summon Mana Viper              Hexes/Summoning              5
   e - Summon Hydra                   Summoning                    7
   Trog disapproves of the use of such an item.
Miscellaneous
 q - a box of beasts
 u - a fan of gales
Comestibles
 c - 30 rations


   Skills:
 + Level 8.6 Fighting
 * Level 13.5 Long Blades
 - Level 1.0(1.1) Axes
 + Level 0.4(0.8) Polearms
 + Level 2.9 Throwing
 + Level 6.8 Armour
 + Level 5.4 Dodging
 * Level 10.0 Stealth
 * Level 11.3 Shields
 * Level 8.0 Evocations


You had 13 spell levels left.
You didn't know any spells.

Dungeon Overview and Level Annotations

Branches:
Dungeon (15/15)            Temple (0/1) D:6            Lair (0/6) D:8
    Orc (0/2) D:10         Depths (1/5) D:15
 Vaults: D:13-14

Altars:
Dithmenos
Makhleb
Nemelex Xobeh
Okawaru
Ru
Trog
Vehumet
The Shining One

Shops:
D:8 %   D:12 [   Depths:1 ([

Portals:
Hell: Depths:1


Innate Abilities, Weirdness & Mutations

You are resistant to torment.
Your stone body is resilient. (AC +10)
You are immune to poison.
Your large and strong wings let you fly indefinitely.
You resist negative energy. (rN+)
You are resistant to electric shocks. (rElec)
You can survive without breathing.
You are immune to petrification.
You are immune to rotting.
You are partially covered in molten scales. (AC +2)
You are resistant to hostile enchantments. (MR+)


Message History

You hit the stone giant.
The stone giant looks as sick as possible!
The stone giant is severely wounded.
You block the stone giant's attack. The ettin hits you with a dire flail!!
* * * LOW HITPOINT WARNING * * *
You block the ettin's attack. Something hits you.
* * * LOW HITPOINT WARNING * * *
You block something's attack.
You slash the stone giant!
The stone giant looks as sick as possible!
The stone giant is almost dead.
The stone giant completely misses you.
You riposte.
You slice the stone giant!!
You kill the stone giant!
Trog accepts your kill.
Your Stealth skill increases to level 10!
Your Evocations skill increases to level 8!
You block the fire crab's attack. The fire crab closely misses you.
You miss something. The ettin closely misses you.
The ettin hits you with a dire flail of draining!
You die...

...........#### ....#
#..............##
.....##....##....†....##
....................((.#
..............###..##..
#............###..##..
#............##..##.#
..##..C.........#.....##
......{@(..............#
......t.[...##.........#
...#.......####.........
. ##..##### #...#####..
#.. #..... #. .Q.#
........ . ....
#...#..#... ....
#.......... ..#......#.


You could see an ettin, a tengu warrior and a fire crab.

Vanquished Creatures
  Frances (D:12)
  2 stone giants (Depths:1)
  A fire dragon (Depths:1)
  Fannar (D:12)
  An ogre mage (D:15)
  Josephine (D:15)
  A great orb of eyes (Depths:1)
  A rakshasa (Depths:1)
  3 centaur warriors
  9 two-headed ogres
  A tengu warrior (D:15)
  A death yak (D:8)
  The ghost of inc the Blocker, a novice FoFi of Qazlal (D:7)
  An unseen horror (D:10)
  2 wizards
  A glowing orange brain (Depths:1)
  An orc knight (D:15)
  Pikel (D:8)
  2 deep elf magi (D:15)
  An orb spider (shapeshifter) (D:14)
  2 cyclopes
  A manticore (D:15)
  9 ugly things
  A wolf spider zombie (D:15)
  2 naga magi (D:15)
  Joseph (D:8)
  Maurice (D:12)
  2 gargoyles
  2 centaur skeletons (D:15)
  A kobold demonologist (D:11)
  An efreet (D:14)
  A komodo dragon (D:15)
  2 tengu conjurers
  A freezing wraith (D:15)
  5 trolls
  2 hippogriffs
  A vampire (D:15)
  15 yaks
  A water elemental (Depths:1)
  2 wyverns
  6 wraiths
  Grum (D:8)
  2 basilisks
  6 vampire mosquitoes
  A hungry ghost (D:10)
  An acid dragon (D:15)
  7 orc warriors
  A hornet zombie (D:15)
  A slave (D:8)
  4 ice beasts
  4 phantoms
  The ghost of Jaiteiro the Cudgeler, an amateur TrBe of Trog (D:3)
  2 black bears
  4 sky beasts
  2 eyes of draining
  A necrophage (D:6)
  3 wolves (D:8)
  10 ogres
  3 centaurs
  A crocodile (D:8)
  Blork the orc (D:4)
  10 bullfrogs
  4 big kobolds
  A gnoll sergeant (D:10)
  3 scorpions
  13 killer bees
  3 wights (D:12)
  4 howler monkeys
  9 crimson imps
  3 bullfrog zombies
  4 centaur zombies
  5 hounds
  6 jellies
  5 orc priests
  7 orc wizards
  4 iguanas
  6 worker ants
  A hound zombie (D:5)
  A hound skeleton (D:6)
  6 gnolls (D:10)
  8 adders
  2 shadow imps
  2 oozes
  An adder skeleton (D:5)
  An adder zombie (D:9)
  4 worms
  5 dart slugs
  7 leopard geckos
  36 orcs
  6 bats
  5 giant cockroaches
  6 goblins
  7 hobgoblins
  8 jackals
  20 kobolds
  6 quokkas
  A ball python (D:3)
  10 frilled lizards
  A leopard gecko skeleton (D:4)
  A quokka skeleton (D:4)
  A rat (D:1)
381 creatures vanquished.

Vanquished Creatures (collateral kills)
  Sonja (D:12)
  An unseen horror (D:12)
  A cyclops (D:10)
  A komodo dragon (shapeshifter) (D:15)
  An acid dragon (D:15)
  An orc warrior (D:15)
  A jelly (D:10)
  2 orcs (D:15)
9 creatures vanquished.

Vanquished Creatures (others)
  A harpy (shapeshifter) (D:14)
  A slave (D:8)
  An orc (D:8)
3 creatures vanquished.

Grand Total: 393 creatures vanquished

Notes
Turn   | Place    | Note
-------+----------+-------------------------------------------
     0 | D:1      | Kagorn the Gargoyle Berserker began the quest for the Orb.
     0 | D:1      | Reached XP level 1. HP: 14/14 MP: 1/1
   159 | D:1      | Reached XP level 2. HP: 10/19 MP: 2/2
   250 | D:1      | Reached skill level 3 in Long Blades
   429 | D:1      | Reached XP level 3. HP: 17/24 MP: 3/3
   706 | D:2      | Reached ** piety under Trog
   960 | D:2      | Reached XP level 4. HP: 29/29 MP: 4/4
   976 | D:2      | Reached skill level 1 in Stealth
  1589 | D:3      | Noticed Jaiteiro's ghost (amateur TrBe)
  1604 | D:3      | Killed Jaiteiro's ghost
  1604 | D:3      | Reached XP level 5. HP: 34/34 MP: 5/5
  1686 | D:3      | Gained mutation: You expend magic power (3 MP) to strengthen your wands. [potion of mutation]
  1686 | D:3      | Gained mutation: You are partially covered in molten scales. (AC +2) [potion of mutation]
  1961 | D:3      | Lost mutation: You expend magic power (3 MP) to strengthen your wands. [potion of mutation]
  1961 | D:3      | Gained mutation: Your flesh is heat resistant. (rF+) [potion of mutation]
  1961 | D:3      | Gained mutation: Your muscles are strong. (Str +2) [potion of mutation]
  1962 | D:3      | Lost mutation: Your muscles are strong. (Str +2) [potion of mutation]
  1962 | D:3      | Lost mutation: Your flesh is heat resistant. (rF+) [potion of mutation]
  1962 | D:3      | Gained mutation: You possess an exceptional clarity of mind. [potion of mutation]
  1962 | D:3      | Gained mutation: You passively map a small area around you. [potion of mutation]
  1963 | D:3      | Lost mutation: You possess an exceptional clarity of mind. [potion of mutation]
  1963 | D:3      | Lost mutation: You passively map a small area around you. [potion of mutation]
  1963 | D:3      | Gained mutation: Your body sometimes deteriorates upon taking damage. [potion of mutation]
  1963 | D:3      | Gained mutation: Your muscles are strong. (Str +2) [potion of mutation]
  2683 | D:4      | Reached XP level 6. HP: 39/39 MP: 6/6
  2705 | D:4      | Reached *** piety under Trog
  3017 | D:4      | Found a radiant altar of Vehumet.
  3019 | D:4      | Noticed Blork the orc
  3048 | D:4      | Killed Blork the orc
  3233 | D:4      | You fall through a shaft for 2 floors!
  3254 | D:6      | Reached skill level 1 in Shields
  3268 | D:6      | Reached skill level 1 in Throwing
  3268 | D:6      | Reached skill level 1 in Evocations
  3303 | D:6      | Reached XP level 7. HP: 22/44 MP: 7/7
  3422 | D:6      | Reached skill level 4 in Long Blades
  3541 | D:6      | Reached skill level 5 in Fighting
  3541 | D:6      | Reached XP level 8. HP: 20/49 MP: 9/9
  3663 | D:6      | Found an iron altar of Okawaru.
  3663 | D:6      | Found a burning altar of Makhleb.
  4014 | D:5      | Entered Level 5 of the Dungeon
  4068 | D:5      | Found a sparkling altar of Nemelex Xobeh.
  4099 | D:5      | Got a polished ring mail
  4100 | D:5      | Identified the +0 ring mail of Giheul {rPois rF+ SInv} (You found it on level 5 of the Dungeon)
  5003 | D:6      | Reached **** piety under Trog
  5018 | D:6      | Found a staircase to the Ecumenical Temple.
  5219 | D:6      | Identified a scroll of acquirement
  5220 | D:6      | Got an iridescent double sword
  5221 | D:6      | Identified the +9 double sword "Veishry" {venom, Str+3} (You acquired it on level 6 of the Dungeon)
  5409 | D:7      | Noticed a two-headed ogre
  5418 | D:7      | Killed a two-headed ogre
  5418 | D:7      | Reached skill level 5 in Long Blades
  5418 | D:7      | Reached XP level 9. HP: 46/54 MP: 11/11
  5439 | D:7      | Noticed inc's ghost (novice FoFi)
  5452 | D:7      | Killed inc's ghost
  5452 | D:7      | Reached skill level 5 in Armour
  5729 | D:7      | Reached skill level 5 in Stealth
  5746 | D:7      | Reached skill level 6 in Long Blades
  5778 | D:7      | Reached skill level 5 in Shields
  6324 | D:7      | Found a glowing golden altar of the Shining One.
  6648 | D:8      | Noticed Joseph
  6663 | D:8      | Killed Joseph
  6672 | D:8      | Lost mutation: Your body sometimes deteriorates upon taking damage. [potion of mutation]
  6672 | D:8      | Lost mutation: Your muscles are strong. (Str +2) [potion of mutation]
  6672 | D:8      | Gained mutation: You evolve. [potion of mutation]
  6704 | D:8      | Noticed a death yak
  6706 | D:8      | Found a staircase to the Lair.
  6719 | D:8      | Killed a death yak
  6719 | D:8      | Reached skill level 7 in Long Blades
  6719 | D:8      | Reached XP level 10. HP: 44/60 MP: 13/13
  6820 | D:8      | Noticed Pikel
  6833 | D:8      | Killed Pikel
  6833 | D:8      | Reached skill level 8 in Long Blades
  6912 | D:8      | Gained mutation: You are resistant to hostile enchantments. (MR+) [evolution]
  6912 | D:8      | Lost mutation: You evolve. [end of evolution]
  7007 | D:8      | Noticed Grum
  7017 | D:8      | Killed Grum
  7205 | D:8      | Reached skill level 5 in Evocations
  7505 | D:8      | Found Fihus's Food Emporium.
  7519 | D:8      | Bought a ration for 70 gold pieces
  7519 | D:8      | Bought a ration for 70 gold pieces
  7519 | D:8      | Bought a ration for 70 gold pieces
  7519 | D:8      | Bought a ration for 70 gold pieces
  7519 | D:8      | Bought a ration for 70 gold pieces
  7519 | D:8      | Bought a ration for 70 gold pieces
  7911 | D:9      | Found a shadowy altar of Dithmenos.
  8495 | D:9      | Found a sacrificial altar of Ru.
  8580 | D:10     | Entered Level 10 of the Dungeon
  8588 | D:10     | Received a gift from Trog
  8593 | D:10     | Reached XP level 11. HP: 54/66 MP: 14/14
  8609 | D:10     | Found a staircase to the Orcish Mines.
  8629 | D:10     | Reached skill level 9 in Long Blades
  8668 | D:10     | Paralysed by fainting for 6 turns
  8738 | D:10     | Reached ***** piety under Trog
  9078 | D:10     | Noticed a cyclops
  9087 | D:10     | Killed a cyclops
  9315 | D:10     | Killed an unseen horror
  9589 | D:11     | Noticed a two-headed ogre
  9604 | D:11     | Killed a two-headed ogre
  9612 | D:11     | Reached skill level 10 in Long Blades
  9732 | D:11     | Received a gift from Trog
 10386 | D:12     | Noticed Sonja
 10418 | D:12     | Killed Sonja
 10420 | D:12     | Killed an unseen horror
 10537 | D:12     | Got a slimy mace
 10610 | D:12     | Identified the cursed +0 mace of Infection {speed, Str-5 Dex+6} (You found it on level 12 of the Dungeon)
 10661 | D:12     | Reached XP level 12. HP: 63/72 MP: 13/16
 10669 | D:12     | Found Edwiotru's Antique Armour Shop.
 10681 | D:12     | Bought a smoking shield for 237 gold pieces
 10691 | D:12     | Identified the +4 shield of the Grue {rN+} (You bought it in a shop on level 12 of the Dungeon)
 10736 | D:12     | Reached skill level 1 in Axes
 10772 | D:12     | Noticed Maurice
 10778 | D:12     | Noticed Fannar
 10782 | D:12     | Noticed a two-headed ogre
 10800 | D:12     | Killed Fannar
 10804 | D:12     | Killed a two-headed ogre
 10807 | D:12     | Killed Maurice
 11029 | D:12     | Noticed Frances
 11042 | D:12     | Killed Frances
 11290 | D:12     | You fall through a shaft for 2 floors!
 11293 | D:14     | Reached skill level 11 in Long Blades
 11339 | D:14     | Noticed a centaur warrior
 11360 | D:14     | Killed a centaur warrior
 11459 | D:14     | Reached XP level 13. HP: 62/78 MP: 9/18
 11748 | D:14     | Reached skill level 5 in Dodging
 11836 | D:14     | Reached skill level 12 in Long Blades
 12152 | D:15     | Entered Level 15 of the Dungeon
 12211 | D:15     | Received a gift from Trog
 12211 | D:15     | Reached skill level 10 in Shields
 12395 | D:15     | Found a bloodstained altar of Trog.
 12857 | D:15     | Received a gift from Trog
 12882 | D:15     | Noticed Josephine
 12895 | D:15     | Killed Josephine
 13106 | D:15     | Found a staircase to the Depths.
 13106 | D:15     | Noticed an ogre mage
 13124 | D:15     | Killed an ogre mage
 13140 | Depths:1 | Entered Level 1 of the Depths
 13145 | Depths:1 | Reached skill level 13 in Long Blades
 13151 | Depths:1 | Gained mutation: Your large and strong wings let you fly indefinitely. [Gargoyle growth]
 13151 | Depths:1 | Reached XP level 14. HP: 80/84 MP: 17/19
 13571 | Depths:1 | Found Liohip's Antique Armour Shop.
 13595 | Depths:1 | Found Suam's Antique Weapon Shop.
 13681 | Depths:1 | Noticed a stone giant
 13695 | Depths:1 | Killed a stone giant
 13717 | Depths:1 | Found a gateway to Hell.
 13729 | Depths:1 | Noticed a stone giant
 13751 | Depths:1 | Killed a stone giant
 13751 | Depths:1 | Reached skill level 10 in Stealth
 13752 | Depths:1 | Slain by an ettin

Skill      XL: |  1  2  3  4  5  6  7  8  9 10 11 12 13 14 |
---------------+-------------------------------------------+-----
Long Blades    | 3 4 5 7 8 10 11 13 | 13.5
Fighting       | 4 5 6 7 8 |  8.6
Dodging        | 2 3 4 5 |  5.4
Stealth        | 2 3 4 5 6 7 8 9 10 | 10.0
Armour         | 3 4 5 6 |  6.8
Shields        | 1 2 4 5 6 8 9 10 11 | 11.3
Throwing       | 1 2 |  2.9
Evocations     | 1 2 3 4 5 6 7 8 |  8.0
Axes           | 1 |  1.0
Polearms       | |  0.4

Action                   |  1- 3 |  4- 6 |  7- 9 | 10-12 | 13-15 || total
-------------------------+-------+-------+-------+-------+-------++-------
Melee: Falchion          |   101 |   231 |   322 |       |       ||   654
       Short sword       |       |       |    47 |       |       ||    47
       Double sword      |       |       |    66 |   422 |   296 ||   784
       War axe           |       |       |       |    62 |       ||    62
       Halberd           |       |       |       |    10 |       ||    10
Invok: Berserk           |     1 |     3 |     1 |     5 |     4 ||    14
       Trog's Hand       |       |     4 |     1 |     6 |     4 ||    15
       Brothers in Arms  |       |       |       |     2 |     2 ||     4
       Burn Spellbooks   |       |       |       |     1 |       ||     1
  Use: Scroll            |     1 |     6 |     7 |    15 |     4 ||    33
       Potion            |       |     9 |     1 |     6 |       ||    16
 Stab: Sleeping          |       |       |       |     8 |     6 ||    14
       Distracted        |       |       |       |       |     2 ||     2
  Eat: Chunk             |     1 |     3 |     4 |     8 |     3 ||    19
       Ration            |       |     3 |     3 |     6 |     1 ||    13
Armor: Animal skin       |    19 |       |       |       |       ||    19
       Leather armour    |    32 |       |       |       |       ||    32
       Chain mail        |     2 |   213 |   171 |       |       ||   386
       Ring mail         |       |       |    40 |   287 |   122 ||   449
       Skin              |       |       |     1 |       |       ||     1
Dodge: Dodged            |    94 |   161 |   211 |   328 |   134 ||   928
Block: Shield            |       |    84 |   227 |   374 |   264 ||   949
       Buckler           |       |       |       |     4 |       ||     4
       Rpst.: Falchion   |    31 |    49 |    47 |       |       ||   127
       Double sword      |       |       |    10 |    57 |    30 ||    97
